 Dungeon Crawl Stone Soup version 0.18.1-6-gd335043 (webtiles) character file.

57 oplop the Vexing (level 3, 0/14 HPs)
             Began as a Felid Enchanter on May 17, 2016.
             Slain by a worker ant (6 damage)
             ... on level 4 of the Dungeon.
             The game lasted 00:05:28 (1982 turns).

oplop the Vexing (Felid Enchanter)                  Turns: 1982, Time: 00:05:29

Health: 0/14       AC:  1    Str:  4    XL:     3   Next: 73%
Magic:  7/7        EV: 19    Int: 16    God:
Gold:   94         SH:  0    Dex: 17    Spells: 3 memorised, 0 levels left
                                        Lives:  0   Deaths: 0

rFire  . . .     SeeInvis +       - Unarmed
rCold  . . .     Gourm    .     (armour unavailable)
rNeg   . . .     Faith    .     (shield unavailable)
rPois  .         Spirit   .     (helmet unavailable)
rElec  .         Dismiss  .     (cloak unavailable)
rCorr  .         Reflect  .     (gloves unavailable)
SustAt .         Harm     .     (boots unavailable)
MR     +....                    (no amulet)
Stlth  ++++......               l - ring of protection from magic
                                (no ring)

@: lethally poisoned (0 -> -8), quick, somewhat resistant to hostile
enchantments, stealthy
A: no armour, no weapons or thrown items, claws 1, fangs 3, see invisible,
carnivore 3, speed 1, shaggy fur 1, slow metabolism 1, sharp paws
a: no special abilities


You were on level 4 of the Dungeon.
You were completely stuffed.

You visited 1 branch of the dungeon, and saw 4 of its levels.

You collected 94 gold pieces.

Inventory:

Jewellery
 l - a ring of protection from magic (right paw)
Wands
 c - a wand of enslavement (11/24)
Scrolls
 h - a scroll of teleportation
Potions
 f - a potion of brilliance
 g - a potion of curing
Books
 a - a book of Maledictions

   Spells                             Type                      Level
   a - Corona                         Hexes                        1
   b - Ensorcelled Hibernation        Hexes/Ice                    2
   c - Confuse                        Hexes                        3
   d - Tukima's Dance                 Hexes                        3
   e - Dazzling Spray                 Conjuration/Hexes            3
Comestibles
 b - 3 meat rations


   Skills:
 + Level 3.4 Dodging
 + Level 4.5 Stealth
 + Level 1.6 Unarmed Combat
 + Level 2.1 Spellcasting
 + Level 5.6 Hexes


You couldn't memorise any spells.
You knew the following spells:

 Your Spells              Type           Power        Failure   Level  Hunger
a - Corona                Hex            ###....      1%          1    #......
b - Ensorcelled Hibernat  Hex/Ice        ##....       12%         2    ###....
c - Confuse               Hex            ###.....     8%          3    ###....


Dungeon Overview and Level Annotations

Branches:
Dungeon (4/15)             Temple (0/1) D:4

Altars:


Innate Abilities, Weirdness & Mutations

You cannot wear armour.
You are incapable of wielding weapons or throwing items.
You have sharp claws.
You have razor-sharp teeth.
You have supernaturally acute eyesight.
You are carnivorous and can eat meat at any time.
You cover ground quickly.
You are covered in fur (AC +1).
You have a slow metabolism.
Your sharp claws are effective at attacking unaware monsters.


Message History

A slave comes into view.
A slave is nearby!
A slave is nearby!
Okay, then.
Unknown command.
Unknown command.
A slave comes into view.
A slave is nearby!
A slave is nearby!
A worker ant comes into view.
You pounce on the unaware helpless worker ant!
You claw the worker ant!
The worker ant is almost dead.
The worker ant bites you!
Ouch! That really hurt!
You are lethally poisoned!
The worker ant poisons you!
You scratch the worker ant but do no damage.
The worker ant is almost dead.
You feel sick. The worker ant bites you.
You die...

##### ...# #
#.###.##..#
#..@a......
#.######..# #.p.
#.# ##p#.## #.#
#(....# #.#
#..§..# #.#
#..§§.# #.#
#..§..# #.#
#.....#####.######


You could see a worker ant.

Vanquished Creatures
  2 adders
  An ooze (D:2)
  A dart slug (D:3)
  A giant gecko (D:3)
  3 goblins
  6 hobgoblins
  A quokka (D:3)
  A ball python (D:3)
  3 bats
  2 giant newts
  8 kobolds
  2 rats (D:2)
31 creatures vanquished.

Notes
Turn   | Place    | Note
--------------------------------------------------------------
     0 | D:1      | oplop the Felid Enchanter began the quest for the Orb.
     0 | D:1      | Reached XP level 1. HP: 7/7 MP: 4/4
   343 | D:2      | Reached XP level 2. HP: 10/11 MP: 6/6
   453 | D:2      | Reached skill level 5 in Hexes
   463 | D:2      | Learned a level 2 spell: Ensorcelled Hibernation
   787 | D:2      | Reached XP level 3. HP: 12/14 MP: 3/7
   963 | D:2      | namelastname112: и мне достался самый ублюдский эндинг в таре
   994 | D:2      | namelastname112: ну охуеть
   994 | D:2      | oplop: кравл любит тебя
  1010 | D:3      | Learned a level 3 spell: Confuse
  1954 | D:4      | Found a staircase to the Ecumenical Temple.
  1957 | D:4      | Noticed a slave
  1964 | D:4      | Noticed a slave
  1982 | D:4      | Slain by a worker ant

Skill      XL: |  1  2 |
---------------+-------+-----
Dodging        | 3 |  3.4
Hexes          | 5 |  5.6
Stealth        | |  4.5
Unarmed Combat | |  1.6
Spellcasting   | |  2.1

Action                   || total
-------------------------++-------
Melee: Unarmed           ||    77
       Bite              ||     4
 Cast: Corona            ||     9
       Ensorcelled Hiber ||    16
  Use: Scroll            ||     6
       Potion            ||     1
 Stab: Sleeping          ||    16
       Distracted        ||     1
  Eat: Chunk             ||    11
Armor: Skin              ||     3
Dodge: Dodged            ||    61
